 Dungeon Crawl Stone Soup version 0.21-a0-264-g3e31e41 (webtiles) character file.

478 Vichen the Vexing (level 6, 0/28 HPs)
             Began as a Spriggan Enchanter on Sept 9, 2017.
             Slain by a goblin (6 damage)
             ... led by Robin
             ... on level 4 of the Dungeon.
             The game lasted 00:10:28 (4483 turns).

Vichen the Vexing (Spriggan Enchanter)              Turns: 4483, Time: 00:10:29

Health: 0/28       AC:  2    Str:  5    XL:     6   Next: 86%
Magic:  13/16      EV: 26    Int: 18    God:
Gold:   322        SH:  0    Dex: 16    Spells: 9/18 levels left

rFire    . . .     SeeInvis +   a - +1 dagger
rCold    . . .     Gourm    .   (shield restricted)
rNeg     . . .     Faith    .   b - +0 robe
rPois    .         Spirit   .   (helmet restricted)
rElec    .         Reflect  .   (no cloak)
rCorr    .         Harm     .   (gloves unavailable)
MR       +....                  (boots unavailable)
Stlth    +++.......             (no amulet)
HPRegen  0.09/turn              e - +4 ring of evasion
MPRegen  0.15/turn              s - +4 ring of evasion

@: very slightly contaminated, invisible, very quick
A: unfitting armour, see invisible, herbivore 3, speed 3, slow metabolism 2
a: no special abilities


You were on level 4 of the Dungeon.
You were not hungry.

You visited 1 branch of the dungeon, and saw 4 of its levels.

You collected 322 gold pieces.

Inventory:

Hand Weapons
 a - a +1 dagger (weapon)
 g - a +1 hunting sling of freezing
Missiles
 i - 116 stones (quivered)
Armour
 b - a +0 robe (worn)
Jewellery
 e - a +4 ring of evasion (left hand)
 m - an uncursed ring of protection from fire
 s - a +4 ring of evasion (right hand)
Wands
 f - a wand of lightning (10/15)
 h - a wand of flame (29/48)
Scrolls
 l - a scroll of magic mapping
 n - 2 scrolls of teleportation
Potions
 j - a potion of brilliance
Books
 c - a book of Maledictions

   Spells                             Type                      Level
   a - Corona                         Hexes                        1
   b - Ensorcelled Hibernation        Hexes/Ice                    2
   c - Confuse                        Hexes                        3
   d - Tukima's Dance                 Hexes                        3
   e - Dazzling Spray                 Conjuration/Hexes            3
Comestibles
 d - 2 bread rations


   Skills:
 - Level 1.1 Short Blades
 - Level 3.0 Dodging
 + Level 4.5 Stealth
 - Level 6.6 Spellcasting
 - Level 7.1 Hexes


You had 9 spell levels left.
You knew the following spells:

 Your Spells              Type           Power        Failure   Level  Hunger
a - Ensorcelled Hibernat  Hex/Ice        ###...       4%          2    None
b - Corona                Hex            ####...      1%          1    None
c - Confuse               Hex            ####....     1%          3    ##.....
d - Tukima's Dance        Hex            ####....     1%          3    ##.....


Dungeon Overview and Level Annotations

Branches:
Dungeon (4/15)
 Temple: D:4-7

Altars:
Ashenzari
Dithmenos
Hepliaklqana
Ru
Vehumet

Annotations:
D:4 Robin


Innate Abilities, Weirdness & Mutations

You are very small and have problems with some larger weapons.
You are too small for most types of armour.
You have supernaturally acute eyesight. (SInv)
You are a herbivore.
You cover ground extremely quickly.
You need consume almost no food.


Message History

The helpless goblin fails to defend itself.
You impale the goblin!!
You kill the goblin!
The goblin hits you. Robin throws the goblin at you! The goblin misses you. x2
You hit the goblin but do no damage. The goblin closely misses you.
The goblin completely misses you. The goblin hits you.
* * * LOW HITPOINT WARNING * * *
Casting: Ensorcelled Hibernation
Confirm with . or Enter, or press ? or * to list all spells.
Aiming: Ensorcelled Hibernation
Press: ? - help, Shift-Dir - straight line
Okay, then.
You fade into invisibility!
The goblin barely misses you. The goblin misses you.
The goblin barely misses you.
You are very lightly contaminated with residual magic.
You hit the goblin.
The goblin is heavily wounded.
The goblin hits you.
You die...

.......## .##
###.#### #.# ... #
#.############.#
###
###...........##Z#
######
.....########.##g#
#..... ####.#
#.##g# #.#### #
#.# #.##g# #.# #
#.# ##.##g# #.# #
#.#######.#.#@#
#.#### #
#........###gg#
#.....
############.#.###
#.####
..............##
#.#
############..#
#.# #..# #.# #
#..# #.# # #..#
#.# # ...# #.# #


You could see Robin, 5 goblins and a hound skeleton.

Vanquished Creatures
  The ghost of Vichen the Sneak, an amateur SpEn of Dithmenos (D:4)
  An ice beast (D:4)
  A scorpion (D:4)
  A bullfrog skeleton (D:4)
  An iguana (D:4)
  Natasha (twice) (D:4)
  2 adders (D:4)
  An ooze (D:1)
  A worm (D:2)
  A leopard gecko (D:1)
  A ball python (D:2)
  7 bats
  3 giant cockroaches
  7 goblins
  11 hobgoblins
  5 kobolds
  2 quokkas
  10 frilled lizards
  10 rats
  A fungus (D:1)
69 creatures vanquished.

Notes
Turn   | Place    | Note
-------+----------+-------------------------------------------
     0 | D:1      | Vichen the Spriggan Enchanter began the quest for the Orb.
     0 | D:1      | Reached XP level 1. HP: 9/9 MP: 5/5
   539 | D:1      | Reached skill level 4 in Hexes
   576 | D:1      | Reached XP level 2. HP: 13/13 MP: 5/7
   584 | D:1      | Learned a level 2 spell: Ensorcelled Hibernation
   705 | D:1      | Found a shattered altar of Ashenzari.
  1852 | D:1      | Reached XP level 3. HP: 16/16 MP: 9/9
  1857 | D:1      | Learned a level 3 spell: Confuse
  1861 | D:1      | Learned a level 3 spell: Tukima's Dance
  2920 | D:2      | Found a radiant altar of Vehumet.
  2968 | D:2      | Found a sacrificial altar of Ru.
  3139 | D:3      | Found a hazy altar of Hepliaklqana.
  3288 | D:3      | Found a shadowy altar of Dithmenos.
  3517 | D:4      | Noticed a scorpion
  3541 | D:4      | Killed a scorpion
  3541 | D:4      | Reached skill level 5 in Hexes
  3541 | D:4      | Reached XP level 4. HP: 20/21 MP: 5/11
  3852 | D:4      | Reached skill level 5 in Spellcasting
  3852 | D:4      | Reached XP level 5. HP: 22/24 MP: 6/13
  3868 | D:4      | Noticed Vichen's ghost (amateur SpEn)
  3890 | D:4      | Noticed Natasha
  3914 | D:4      | Killed Natasha
  3987 | D:4      | Killed Vichen's ghost
  3987 | D:4      | Reached skill level 6 in Hexes
  3987 | D:4      | Reached XP level 6. HP: 6/28 MP: 4/16
  4130 | D:4      | Noticed Natasha
  4135 | D:4      | Killed Natasha
  4251 | D:4      | Noticed an ice beast
  4311 | D:4      | Killed an ice beast
  4311 | D:4      | Reached skill level 7 in Hexes
  4474 | D:4      | Noticed Robin
  4483 | D:4      | Slain by a goblin

Vault maps used:
D:1:      nicolae_arrival_washed_ashore, minmay_gold_behind_fungi,
          evilmike_ruin_ashenzari
D:2:      marbit_many_paths, vehumet_crystals
D:3:      nicolae_overflow_crystal_walls, grunt_dithmenos_smoke_and_mirrors
D:4:      uniq_natasha, uniq_robin, uniq_duvessa

Skill      XL: |  1  2  3  4  5  6 |
---------------+-------------------+-----
Spellcasting   | 3 4 5 6 |  6.6
Hexes          | 4 5 6 7 |  7.1
Short Blades   | |  1.1
Dodging        | |  3.0
Stealth        | |  4.5

Action                   |  1- 3 |  4- 6 || total
-------------------------+-------+-------++-------
Melee: Dagger            |   133 |   107 ||   240
 Fire: Hunting sling     |   167 |       ||   167
 Cast: Corona            |     5 |       ||     5
       Ensorcelled Hiber |     9 |     2 ||    11
       Confuse           |       |    16 ||    16
  Use: Scroll            |    10 |     2 ||    12
       Potion            |     1 |     6 ||     7
 Stab: Sleeping          |     7 |     5 ||    12
       Confused          |       |     7 ||     7
       Distracted        |       |     1 ||     1
       Invisible         |       |     1 ||     1
  Eat: Royal jelly       |     3 |       ||     3
Armor: Robe              |    23 |     3 ||    26
       Skin              |       |    26 ||    26
Dodge: Dodged            |   176 |    42 ||   218

Table legend:
 A = Spawn XP
 B = Non-spawn XP
 C = Spawn XP percentage of total XP
 D = Spawn monster count
 E = Non-spawn monster count
 F = Spawn count percentage of total count
 G = Total turns spent on level
                    A         B        C        D         E        F      G
               +---------+---------+-------+---------+---------+-------+---------
         Total |       0 |     684 |   0.0 |       0 |      68 |   0.0 |  4483
               +---------+---------+-------+---------+---------+-------+---------
           D:1 |       0 |      43 |   0.0 |       0 |      27 |   0.0 |  2028
           D:2 |       0 |      42 |   0.0 |       0 |      23 |   0.0 |  1022
           D:3 |       0 |       5 |   0.0 |       0 |       4 |   0.0 |   422
           D:4 |       0 |     594 |   0.0 |       0 |      14 |   0.0 |  1011
               +---------+---------+-------+---------+---------+-------+---------
